 Dungeon Crawl Stone Soup version 0.30-a0-339-g89bb51ec76 (webtiles) character file.

Game seed: 14443010142816834248

1672 retardedninja the Covered (level 8, 0/72 (73) HPs)
             Began as a Minotaur Fighter on Oct 31, 2022.
             Was an Initiate of Gozag.
             Slain by a wight
             ... wielding a +0 falchion
              (2 damage)
             ... on level 7 of the Dungeon.
             The game lasted 00:10:07 (7153 turns).

retardedninja the Covered (Minotaur Fighter)        Turns: 7153, Time: 00:10:08

HP:   0/72 (73)     AC: 17    Str: 23    XL:     8   Next: 70%
MP:   7/7           EV:  6    Int:  5    God:    Gozag
Gold: 611           SH:  5    Dex: 10    Spells: 7/7 levels left

rFire   . . .      SeeInvis .    a - +2 war axe
rCold   . . .      Faith    .    c - +0 buckler
rNeg    . . .      Spirit   .    p - +0 plate armour
rPois   .          Reflect  .    (helmet restricted)
rElec   .          Harm     .    t - +0 cloak
rCorr   .          Rampage  .    g - +0 pair of gloves
Will    .....                    h - +0 pair of boots
Stlth   ..........               (no amulet)
HPRegen 0.32/turn                (no ring)
MPRegen 0.10/turn                (no ring)

@: gold aura, lightly drained
A: horns 2, retaliatory headbutt
a: Renounce Religion, Potion Petition, Call Merchant, Bribe Branch


You were on level 7 of the Dungeon.
You worshipped Gozag.
Gozag was pleased with you.
You visited 2 branches of the dungeon, and saw 9 of its levels.

You collected 663 gold pieces.
You paid 52 gold pieces to Gozag.

Inventory:

Hand Weapons
 a - a +2 war axe (weapon)
Missiles
 y - a throwing net (quivered)
Armour
 c - a +0 buckler (worn)
 g - a +0 pair of gloves (worn)
 h - a +0 pair of boots (worn)
 p - a +0 plate armour (worn)
 t - a +0 cloak (worn)
Scrolls
 i - 2 scrolls of teleportation
 k - a scroll of noise
 o - 4 scrolls of fog
 q - a scroll of amnesia
 w - a scroll of fear
Potions
 b - a potion of brilliance {unknown}
 d - 2 potions of might
 f - a potion of heal wounds {unknown}
 j - a potion of lignification
 n - a potion of mutation {unknown}
 u - a potion of attraction {unknown}
 x - a potion of degeneration {unknown}


   Skills:
 + Level 7.5 Fighting
 + Level 7.0 Axes
 + Level 7.6 Armour
 + Level 7.6 Shields


You had 7 spell levels left.
You didn't know any spells.
Your spell library was empty.

Dungeon Overview and Level Annotations

Branches:
Dungeon (8/15)             Temple (1/1) D:4
   Lair: D:8-11

Altars:
Dithmenos
Elyvilon
Fedhas
Gozag
Hepliaklqana
Kikubaaqudgha
Nemelex Xobeh
Okawaru
Qazlal
Ru
Sif Muna
Trog
Uskayaw
Wu Jian
Xom
Yredelemnul
Zin
The Shining One

Shops:
D:4 :   D:5 *   D:6 (([   D:7 [

Annotations:
D:3 2 transporters, ragingrage's ghost, amateur DjWn


Innate Abilities, Weirdness & Mutations

You have a pair of horns on your head.
You reflexively headbutt those who attack you in melee.


Message History

You block the yak's attack. The yak gores you!
* * * LOW HITPOINT WARNING * * *
You block the yak's attack.
The gnoll hits you from afar with a +0 halberd.
* * * LOW HITPOINT WARNING * * *
The gnoll hits you but does no damage.
The wight hits you but does no damage. x2
You slash the gnoll!
You kill the gnoll!
You slash the yak!
You kill the yak!
You hit the yak but do no damage. You completely miss the yak. You hit the yak.
You slash the wight! x2
You destroy the wight!
You block the yak's attack. The yak gores you but does no damage.
You block the yak's attack. The gnoll hits you but does no damage.
The wight hits you with a +0 falchion!
* * * LOW HITPOINT WARNING * * *
Your life force feels restored.
Your Axes skill increases to level 7!
You feel better.
You block the yak's attack. x2; The yak gores you.
* * * LOW HITPOINT WARNING * * *
It was a potion of cancellation.
Your magical effects are unravelling.
You feel magically purged.
You feel less wooden.
Your +0 cloak unmelds from your body.
Your +0 pair of gloves unmelds from your body.
Your +0 pair of boots unmelds from your body.
Your +0 plate armour unmelds from your body.
You feel yourself slow down.
You feel a little less mighty now.
The gnoll is no longer moving quickly.
The gnoll barely misses you.
The gnoll hits you with a +0 flail of holy wrath.
* * * LOW HITPOINT WARNING * * *
The gnoll bouda barks out a call to the hunt!
The gnoll picks up the pace!
The wight hits you with a +0 falchion.
* * * LOW HITPOINT WARNING * * *
You feel drained.
You die...
Your body crumbles into a pile of gold.

.. ....... ...
##!#.....(. ....
##.......... [#
..##...........
.#.#
..............
#.#.#
#..........#.
#.#.#
#..g.........
#.#.##...Yzg...#
#.#.#...Y@Y...#
#.#....g$$......
######
#............#.
....#
##..........##
#...#
##.........#
#####
#...(.....#
##...##
##[[.....###
##.....##
#.....>...#
#.......# #
#.#######.#
#...∩)..#


You could see 3 yaks, a gnoll bouda, a wight and 2 gnolls.

Vanquished Creatures
  A yak (D:7)
  Edmund (D:6)
  2 water moccasins
  2 scorpions (D:6)
  8 wights
  A water moccasin skeleton (D:5)
  The ghost of deadpool521 the Trooper, a weakling HOFi (D:5)
  A bullfrog zombie (D:5)
  A jelly (D:5)
  2 hounds
  2 gnoll boudas
  A bullfrog skeleton (D:5)
  A centaur skeleton (D:5)
  An orc wizard (D:4)
  An iguana (D:5)
  11 gnolls
  8 adders
  3 shadow imps
  An ufetubus (D:4)
  A worm (D:2)
  A dart slug (D:2)
  6 orcs
  5 bats
  8 endoplasms
  6 giant cockroaches
  6 goblins
  6 hobgoblins
  2 jackals (D:4)
  3 quokkas
  4 ball pythons
  A frilled lizard (D:3)
  4 kobolds
  4 rats
106 creatures vanquished.

Notes
Turn   | Place    | Note
-------+----------+-------------------------------------------
     0 | D:1      | retardedninja the Minotaur Fighter began the quest for the
                  | Orb.
     0 | D:1      | Reached XP level 1. HP: 19/19 MP: 0/0
   267 | D:1      | Reached XP level 2. HP: 26/27 MP: 1/1
   948 | D:2      | Reached XP level 3. HP: 32/33 MP: 2/2
  1362 | D:2      | Found an ornate altar of the Wu Jian Council.
  1806 | D:3      | Reached XP level 4. HP: 30/40 MP: 3/3
  2043 | D:3      | Found a faded altar of an unknown god.
  2204 | D:3      | Found a transporter.
  2227 | D:3      | Noticed ragingrage's ghost (amateur DjWn)
  2229 | D:3      | Identified the +8 giant spiked club of the Distant Future
                  | {flame, Will++ Stlth+}
  2229 | D:3      | Noticed an ogre
  2230 | D:3      | Noticed an ogre
  2231 | D:3      | Found a transporter.
  2452 | D:4      | Found a staircase to the Ecumenical Temple.
  2464 | Temple   | Entered the Ecumenical Temple
  2601 | Temple   | Became a worshipper of Gozag Ym Sagoz the Greedy
  2936 | D:4      | Found Didoh's Book Shoppe.
  3157 | D:4      | Reached XP level 5. HP: 44/47 MP: 4/4
  3274 | D:4      | You fall into a shaft and drop 2 floors!
  3371 | D:5      | Entered Level 5 of the Dungeon
  3647 | D:6      | Reached skill level 5 in Fighting
  3647 | D:6      | Reached skill level 5 in Armour
  3647 | D:6      | Reached skill level 5 in Shields
  3648 | D:6      | Reached XP level 6. HP: 42/56 MP: 5/5
  4550 | D:5      | Noticed a water moccasin
  4559 | D:5      | Killed a water moccasin
  4930 | D:5      | Found Paniol's CLEARANCE SALE!.
  4983 | D:5      | Found a transporter.
  4986 | D:5      | Found a transporter.
  4986 | D:5      | Noticed deadpool521's ghost (weakling HOFi)
  5011 | D:5      | Reached XP level 7. HP: 59/62 MP: 6/6
  5120 | D:5      | Reached skill level 5 in Axes
  5125 | D:5      | Killed deadpool521's ghost
  5471 | D:6      | Found Loesuruc's Antique Weapon Emporium.
  5476 | D:6      | Found Weseeraw's Armour Emporium.
  5476 | D:6      | Noticed Edmund
  5489 | D:6      | Killed Edmund
  5858 | D:6      | Found Lucub's Weapon Boutique.
  6565 | D:7      | Found Henkarr's Armour Shop.
  6572 | D:7      | Reached XP level 8. HP: 54/71 MP: 7/7
  7153 | D:7      | HP: 2/73 [wight/+0 falchion (5)]
  7153 | D:7      | Slain by a wight

Illustrated notes

Levels and vault maps discovered:
D:1:      lightli_arrival_farm, layout_basic
D:2:      layout_loops_cross, basic_altar
D:3:      layout_loops_cross, gammafunk_ghost_smash,
          shapermc_ecumenical_altar_hornbeckon
D:4:      layout_loops_corners, minmay_temple_entry_drinking_statues,
          serial_shops, shop
D:5:      layout_rooms, gammafunk_ghost_mausoleum, nicolae_shop_clearance
D:6:      layout_loops_cross, serial_shops, nicolae_diamond_shop,
          nicolae_diamond_shop, shop, dreamdust_mushroom_princess,
          grunt_ministairs_5, uniq_edmund
D:7:      minmay_inner_zag, layout_rooms, kennysheep_windowed_goal, uniq_pikel,
          uniq_prince_ribbit1
D:8:      layout_basic
Temple:   mainiacjoe_temple_bowtie_tessellation

Skill      XL: |  1  2  3  4  5  6  7  8 |
---------------+-------------------------+-----
Fighting       | 4 5 6 7 |  7.5
Axes           | 3 4 6 7 |  7.0
Armour         | 4 5 6 7 |  7.6
Shields        | 4 5 6 7 |  7.6

Action                   |  1- 3 |  4- 6 |  7- 9 || total
-------------------------+-------+-------+-------++-------
Melee: War axe           |    64 |   110 |    93 ||   267
       Headbutt          |     6 |    18 |    14 ||    38
Throw: Throwing net      |       |     3 |       ||     3
  Use: Scroll            |       |    10 |     3 ||    13
       Potion            |       |       |     9 ||     9
Armor: Scale mail        |    29 |       |       ||    29
       Plate armour      |     3 |    81 |    98 ||   182
       Skin              |       |       |    17 ||    17
Dodge: Dodged            |    33 |    35 |    45 ||   113
Block: Buckler           |    13 |    29 |    35 ||    77

Table legend: (Time is in decaauts)
 A = Elapsed time spent in this place.
 B = Non-inter-level travel time spent in this place.
 C = Inter-level travel time spent in this place.
 D = Time resting spent in this place.
 E = Time spent auto-exploring this place.
 F = Levels seen in this place.
 G = Mean time per level.
                   A        B        C        D        E       F      G
               +--------+--------+--------+--------+--------+-----+--------+
         Total |   7280 |   7100 |    180 |   2397 |   3749 |   9 |  808.9 |
       Dungeon |   7124 |   6961 |    163 |   2397 |   3630 |   8 |  890.5 |
        Temple |    155 |    138 |     17 |      0 |    119 |   1 |  155.0 |
               +--------+--------+--------+--------+--------+-----+--------+

Top non-repeatable levels by time:
     D:6: 1984 daAuts
     D:5: 1259 daAuts
     D:1: 970 daAuts
     D:4: 881 daAuts
     D:2: 718 daAuts
     D:3: 703 daAuts
     D:7: 597 daAuts
  Temple: 155 daAuts
     D:8: 9 daAuts
